[Event "44th Chess Olympiad Women 2022"]
[Site "Chennai"]
[Date "2022.07.30"]
[Round "2.5"]
[White "Sebag, Marie"]
[Black "Wafa, Shrook"]
[Result "1-0"]
[WhiteElo "2447"]
[BlackElo "2141"]
[Annotator "TA"]
[PlyCount "227"]
[EventDate "2022.??.??"]
[TimeControl "60"]

1. e4 c5 2. Nf3 d6 3. Bb5+ Bd7 4. Bxd7+ Qxd7 5. O-O Nc6 6. c3 Nf6 7. Qe2 g6 8. d4 cxd4 9. cxd4 Bg7 10.
Nc3 O-O 11. Rd1 a6 {[%emt 0:
00:00] [#] B52: Sicilian: Moscow Variation with 3...Bd7.} 12. h3 $146 ({Predecessor:} 12. Bg5 e6 13. d5 exd5 14. Bxf6 Bxf6 15. Nxd5 Bd8 16.
Rd3 Re8 17. Rad1 Qe6 18. Qd2 Rc8 19. Qh6 {½-½ (63) Svicevic,R (2257)-Kiroski,
T (2226) Belgrade 2019}) 12... b5 13. a3 (13.
e5 $14 Ne8 14. Nd5) 13... Rfc8 {[%emt 0:12:49] The position is equal.} 14. Bg5 Ne8 15. Rac1 h6 16. Bh4 Qa7 17. e5 e6 {
[%emt 0:04:11] [#]} (17... Qb7 $11 {keeps the balance.}) 18. Bg3 {[%emt 0:00:
00] White is more active.} (18. exd6 $1 $16 {d5 is the strong threat.} Nxd6 19.
d5 exd5 20. Nxd5) 18... d5 $11 19. Bf4 Na5 20. h4 Rc4 (20... h5 $142)
21. Qe3 h5 22. Bh6 (22. b4
$5 Nb7 23. Nd2 $14) 22... Nb3 23. Bxg7 Nxg7 (23... Nxc1 $2
24. Bf6 Kh7 25. Ng5+ (25. Rxc1 Rac8 $18) 25... Kg8 26. Nf3 $18 (26. Rxc1 Nxf6
27. exf6 Qxd4 $11)) 24. Nxb5 axb5 25. Qxb3 Rac8 26. Rc3 Rxc3 27. bxc3 Qa5 28. Rb1 Nf5 29. Qxb5 Qxb5 30. Rxb5 {
[%emt 0:00:07] [#] And now Rb3 would win.} Rxc3 {[%emt 0:00:00] Endgame KRN-KRN
} 31. Rb8+ Kg7 32. Rb7 Rxa3 33. Ng5 $1 Nxd4 34. Rxf7+ Kg8 35. Rf6 Kg7 36. Nxe6+ Nxe6 37. Rxe6 $14 {[%emt 0:00:02]
KR-KR} Ra1+ 38. Kh2 Re1 39.
f4 d4 40. Re7+ ({Don't do} 
40. Rd6 $6 Re4 $16) 40... Kf8 41. Rd7 {[%emt 0:30:43]
Threatens to win with Rd8+.} Re4 42. Kg3 Kg8 43. Kf3 Re3+ 44. Kf2 Re4 45. g3 Kf8 46. Ra7 {[%emt 0:00:00] Strongly threatening Ra3.} Re3 {[%emt 0:00:00]
Inhibits Ra3.} 47. Ra4 Rd3 48. Ra6 Kf7 49. Rf6+ Kg7 $1 50. Rd6 Kf7 51. Kg2 Kg7 52. Rd7+ Kf8 53. Kf2 Kg8 54. Rd6 (54. Ra7 $14)
54... Kg7 ({Black should play} 54... Kf7 $11) 55. Rb6 (55. Rf6 $14) 55... Kf7 $1 $11 56. Rf6+ Kg7 $1 57. f5 ({Don't play} 
57. Rd6 $6 Kf7 58. Kg2 Kg7 59. Kf2 $16) 57... gxf5 58. Rxf5 Kg6 59. Rf6+ Kg7 60. Rf3 Rd2+ 61. Ke1 Ra2 62. Rf5 Kg6 63. Rg5+ Kh6 $2 {[%emt 0:00:00] Black is on the road to losing.} (63...
Kf7 $11) 64. e6 $18 Ra8 65. Kd2 {[%emt 0:01:
14] White wants to mate with e7.} Re8 66. Re5 Kg6 67. Kd3 {[%emt 0:02:28] e7 would kill now.} Kf6 68. Kxd4 {[%emt 0:00:00] Threatening mate with e7.} ({Weaker is} 68.
Rxh5 Rg8 $14) 68... Rd8+ 69. Ke4 Rd1 70. Rxh5 Kxe6 71. Rh6+ Kf7 72. Rc6 Rf1 73. g4 Kg7 74. h5 Rf7 75. Ke5 Ra7 76. Kf5 Ra5+ 77. Kf4 Rb5 78.
Re6 Ra5 79. Re5 Ra7 80. Kg5 Ra6 81. Rb5 Rc6 82. Rb7+ Kg8 83.
h6 Rc5+ 84. Kg6 Rc6+ 85. Kh5 Rc5+ 86. g5 Ra5 87. Rb6 Kh7 88.
Re6 Rb5 89. Re7+ Kg8 90. Kg6 Rb8 91.
Re6 Ra8 92. Kh5 Ra5 93. Kg6 Ra8 94.
Re5 {[%emt 0:00:05] White mates.} Ra6+ 95. Kh5 Ra1 96. Rc5 Kf7 97. Rc7+ Kg8 98. Rg7+ Kh8 99. Rf7 Ra5 100. Kg6 Ra6+ 101. Rf6 Ra8 102. Rf5 Kg8 103. Kh5 Ra1 104. g6 Rh1+ 105. Kg5 Rg1+ 106. Kf6 Rg2 107. Ra5 Rf2+ 108. Kg5 Rg2+ 109. Kf5 Rf2+ 110. Ke4 Re2+ 111. Kf3 Re8 112. Kf4 Rb8 113. Kg5 Kh8 114. h7 {[%emt 0:00:20]
Weighted Error Value: White=0.10 (very precise) /Black=0.10 (very precise)} 1-0

[Event "44th Chess Olympiad Women 2022"]
[Site "Chennai"]
[Date "2022.07.30"]
[Round "2.6"]
[White "Balajayeva, Khanim"]
[Black "Paasikangas, Johanna"]
[Result "1-0"]
[WhiteElo "2344"]
[BlackElo "2155"]
[Annotator "TA"]
[PlyCount "85"]
[EventDate "2022.??.??"]
[TimeControl "60"]

1. e4 c5 2. Nf3 a6 3. c3 d5 4. exd5 Qxd5 5. d4 cxd4 6. cxd4 e6 7. Nc3 Qa5 8. Bd2 Nc6 9. Bc4 Qd8 10. Be3 Nf6 11. O-O Be7 12. a3 O-O 13. Ba2 Nd5 {[%emt 0:00:30] [#] B10: Caro-Kann: 2 d3 and 2 c4.} 14. Qd3 $146 ({Predecessor:} 14. Rc1 Bf6 15. Ne4 Nce7 16. Qd3 b6 17. Bb1 Ng6
18. Nxf6+ Nxf6 19. Bg5 Bb7 20. Rfd1 h6 21. Bxf6 gxf6 {1-0 (40) Krivolapov,K 
(2365)-Jacso,A (1987) Gyongyos 2003}) 14... Bf6 15. Ne4 (15. Bb1 $5 g6 16. Bh6 $11) 15... Nxe3 (15... Nce7 $11 {keeps the balance.}) 16. Nxf6+ Qxf6 17. fxe3 Qg6 (17... Bd7 $14) 18. e4 b5 ({Black
should play} 18... Bd7) 19. Qc3 $16 Bb7 (
19... Qxe4 $2 20. Rae1 Qf4 21. Qxc6 $18) 20. d5 exd5 21. exd5 ({And not} 21. Bxd5 Ne7 $11) 21... Nd8 22. Nh4 Qb6+ 23. Kh1 {
[%emt 0:00:30] White is more active.} Bc8 24. Rae1 Nb7 $2 {[%emt 0:00:30] [#]} (24... a5 $16) 25. Qg3 $2 (25. Rxf7 $1 $18 Qf6 26. Rxf6 Rxf6 27. d6+ Be6 28.
Bxe6+ Kh8 29. Qc7 Nxd6 30. Qxd6) 25... Qd6 $11 26. Qd3 Nc5 27. Qc2 Bd7 28. Nf3 $40 {[%emt 0:00:30] Threatens to win with Ng5. White has some
attack.} Rac8 29. Bb1 f5 30. Qd2 Rce8 31. Ba2 Ne4 32. Qd4 Qh6 {[%emt 0:00:
30] White must now prevent ...Ng3+.} 33. Kg1 {[%emt 0:00:30] And now d6+ would
win.} Kh8 34. Rc1 Rc8 35.
Rxc8 Rxc8 (35... Bxc8 $11 36. Bb1 Nd6) 36.
Ne5 $18 {[%emt 0:00:30] Strongly threatening Nf7+.} Qf6 {[%emt 0:00:30] [#]
Against Nf7+} 37. Rd1 $2 (37. d6 $1 $18) 37... Rd8 $2 {
[%emt 0:00:30] [#]} (37... Re8 $1 $14 38. Nxd7 Qd6) 38. d6 $1 Be6 {[%emt 0:00:30] Inhibits Nf7+.} 39. Bxe6 Qxe6 40. d7 {[%emt 0:00:30] aiming for Qd5.} Kg8 $2 (40... h5
41. h3 Kh7) 41. Rc1 {[%emt 0:30:30][%cal Yc1c8] Intending Rc8! and mate. White
is clearly winning.} Nd6 {[%emt 0:30:30] Against Rc8} 42. Qb6 $1 ({Not} 42. Rc6 Rxd7 43. Rxa6 h6 $16) 42... Qf6 43. Rd1 {[%emt 0:00:30] Weighted Error Value: White=0.49/Black=0.53} 1-0

[Event "44th Chess Olympiad Women 2022"]
[Site "Chennai"]
[Date "2022.07.30"]
[Round "2.6"]
[White "Fataliyeva, Ulviyya"]
[Black "Norlamo, Sarabella"]
[Result "1-0"]
[WhiteElo "2372"]
[BlackElo "1925"]
[Annotator "TA"]
[PlyCount "133"]
[EventDate "2022.??.??"]
[TimeControl "60"]

1. d4 Nf6 2. c4 e6 3. Nf3 b6 4. g3 Bb7 5. Bg2 Be7 6. Nc3 Ne4 7. Bd2 O-O 8. O-O f5 9. Ne5 $1 {[%emt 0:03:21] E18: Queen's Indian: Old
Main Line (4 g3 Bb7 5 Bg2 Be7 6 0-0 0-0 7 Nc3).} Nxc3 10. Bxc3 Bxg2 11. Kxg2 {[%emt 0:00:05][%cal Ye2e4]
White is slightly better.} Qc8 12. Re1 {[%emt 0:06:23] [#]}
Qb7+ $146 ({Predecessor:} 12... b5 13. e4 Qb7 14. d5 d6 15.
Nf3 Nd7 16. Nd4 Nc5 17. exf5 e5 18. Nc6 Bf6 {1-0 (37) Troff,K (2543)-Harmon
Vellotti,L (2409) Las Vegas 2016}) 13. f3 Bf6 14. e4 fxe4 15. Rxe4 d5 16. Re1 {[%emt 0:06:48] White is more active.} dxc4 17. Nxc4 Qc6 (17... Qd5 $14 18. Ne3
Qd7) 18. Qd3 Nd7 19. Re4 Rae8 20. Rae1 Qd5 21. Qe2 Kf7 (21... Rd8 $142) 22. Ne3 (22. a4 $142) 22... Qxa2 $16 23. Qb5 Re7 (23... Rd8 $14) 24. Re2 $2 ({
White must play} 24. Qf1 $1 $18 {Black must now prevent Ra1.} c6 25. Ra1) 24...
a6 $11 25. Qh5+ {[%emt 0:14:10] White has compensation.} Kg8 26. Ng4 (26. Bb4 c5 27. Ba3 (27. dxc5 bxc5 28.
Ba3 Ref7 $15) 27... g6 $17) (26. Nf5 $11 exf5 27. Rxe7 Bxe7 28. Rxe7) 26... g6 27. Qh3 Bg7 28. Nf2 (28. Rxe6 $15 Ref7 29. Re7) 28... Rfe8 (28...
Rf5 $142 $1 29. g4 Rb5) 29. Nd3 (29. Ng4 $142) 29... Nf6 $1
$17 30. Re5 Nd7 ({Black
should try} 30... Nd5 $17 31. R5e4 Qc4) 31. R5e3 (31. R5e4 $1
$11) 31... Qc4 32. Nf4 $1 Nf8 33. Re4 (33. Qg4 $5 ) 33... Qb3 {[%emt 0:00:39] Prevents d5.} 34. g4 (34. Qg4 $11)
34... b5 35. g5 b4 36. Be1 c6 37. Qg4 a5 $1 38. h4 (38. R4e3 Qc4 39. Re4
Qb5 $17) (38. Bg3 $17 {was called for.}) 38... a4 ({Better is
} 38... e5 $19 39. Bf2 Qf7 40. dxe5 Rxe5 41. Rxe5 Rxe5 42. Rxe5 Bxe5) 39. d5 (39. R4e3 $17 Qc4 40. Nd3) 39... cxd5 $19 40.
Rxb4 Qd1 41. Kf1 Rf7 (41... e5 42. Rd2 Qc1 43. Nxd5 $11) 42. Ng2 d4 (42... Nd7 $142 43. Rd2 Qxf3+ 44. Qxf3 Rxf3+ 45. Ke2 Ne5 46.
Rxa4 Ref8) 43. Kf2 $2 (43. Qe4 {was the crucial defense.})
43... Rc8 {[%emt 0:04:44] aiming for ...d3.} 44. Qe4 Rfc7 $2 (44... d3 $19 45. Re3 Rd8) 45. Kg3 {[%emt 0:04:25] [#]} ({
White should play} 45. Nf4 $1 $15) 45... Rc2 $1 $17 46. Rxc2 Qxc2 (46... Rxc2 $17 47. Nf4 e5) 47. Qb7 $2 (47. Nf4 $1 $15) 47... d3 $19 {[%emt 0:01:09] Strongly
threatening ...d2.} ({Not} 47... Be5+ $2 48. f4 Rc7 49. Qa8 $17) 48. Ne3 Rc7 49. Nxc2 $18 Rxb7 50. Rxb7 dxc2 {[%emt 0:00:07] Endgame KRB-KBN}
51. Bd2 {[%emt 0:00:02] Hoping for Bc1.} Bd4 (51... Nd7 $142
52. Rxd7 Bxb2) 52. f4 e5 53. fxe5 $2 (53. Rc7 $18) 53... Ne6 {[%emt 0:00:32] [#]} (53... Bxe5+ $14
54. Kg4 Ne6) 54. Kf3 $2 (54. Kg4 $1 $18) 54... Nc5 $2 (54... Bxe5 $11 55. Rb4 Nc5) 55. Rc7 Bxb2 $2 (55... Kf8 56. Ke2 (56. Rxh7 Bxe5 57. Bc1 Nb3 $11) 56... Ke8)
56. Rxc5 a3 57. Rc8+ Kf7 58. Ra8 {[%emt 0:00:33] Ke4 is the strong threat.} c1=Q 59. Bxc1 Bxc1 {[%emt 0:00:05] KR-KB} 60. Ke4 Bb2 61. Kd5 {[%emt 0:00:11] White threatens
e6+ and mate.} Ke7 62. Ra7+ Kd8 63. Kd6 Kc8 64. e6 {[%emt 0:
00:12][%cal Ye5e6,Ye6e7] White mates.} Kb8 65. Ra4 Bc3 66. Kd7 a2 67.
e7 {[%emt 0:00:10] White used his chance. Weighted Error Value: White=0.64/
Black=0.62} 1-0

[Event "44th Chess Olympiad Women 2022"]
[Site "Chennai"]
[Date "2022.07.30"]
[Round "2.6"]
[White "Nazarova, Anastasia"]
[Black "Mammadzada, Gunay"]
[Result "0-1"]
[WhiteElo "2208"]
[BlackElo "2455"]
[Annotator "TA"]
[PlyCount "64"]
[EventDate "2022.??.??"]
[TimeControl "60"]

1. e4 c5 2. Nf3 d6 3. d4 cxd4 4. Nxd4 Nf6 5. Nc3 a6 6. Nb3 Nc6 7. Be3 {[%emt 0:00:56] B56:
Classical Sicilian: Unusual Lines.} e6 8. g4 Be7 9. g5 {[%emt 0:05:10] White is
slightly better.} Nd7 10. h4 b5 11. f4 Nb6 {[%emt 0:08:42] [#]} 12. a3 $146 ({Predecessor:} 12. Qe2 b4 13. Qf2 Rb8 14. Ne2 Qc7 15. Ng3 O-O 16. Bd3 a5
17. h5 a4 18. Nd2 {0-1 (30) De Groen,M-Canfell,G (2285) Sydney 1996}) 12... Rb8 13. Qf3 Nc4 14. Bxc4 bxc4 15. Nd4 Bd7 16. Nxc6 Bxc6 17. Bd4 O-O 18. O-O-O Qc7 19. Rhe1 e5 20. Bf2 (20. fxe5 $11 {
was the only way to keep the balance.} dxe5 21. Qg3) 20... Qb7 $17 21. f5 {[%emt 0:00:19] [#]} (21. Kd2 $17) 21... Bd8 $1 $19 ({Worse is} 21... Qxb2+ 22. Kd2 Rfd8 23. Rb1 Qxa3 24. f6 $17) 22. f6 $2 (22. Kd2 {is more resistant.}) 22... Ba5 23.
fxg7 Rfd8 24. Kd2 d5 {
[%emt 0:01:50] Threatens to win with ...dxe4+.} 25. Ke2 d4 ({Don't go for} 25... Qxb2 $2 26. exd5 Bb5 27. Nxb5
Qxc2+ 28. Kf1 Bxe1 29. Rxe1 Rxb5 30. Rxe5 $19) 26. Bg3 (26.
Kf1 $142) 26... dxc3 27. bxc3 Bxe4 28. Qf6 Bxc2 {[%emt 0:01:04]
Black mates.} 29. Rxd8+ Rxd8 30. Qxe5 Qg2+ 31. Bf2 Qg4+ 32. Kf1 Bd3+ {[%emt 0:00:07] Weighted Error Value:
White=1.03/Black=0.03 (flawless)} 0-1

[Event "44th Chess Olympiad Women 2022"]
[Site "Chennai"]
[Date "2022.07.30"]
[Round "2.7"]
[White "Omonova, Umida"]
[Black "Yip, Carissa"]
[Result "1-0"]
[WhiteElo "2195"]
[BlackElo "2416"]
[Annotator "TA"]
[PlyCount "179"]
[EventDate "2022.??.??"]
[TimeControl "60"]

1. e4 e5 2. Nf3 Nc6 3. Bc4 Bc5 4. O-O Nf6 5. d3 d6 6. c3 a6 7. a4 {[%emt 0:00:11] C54: Giuoco Piano: 4
c3 Nf6, main lines with 5 d4 and 5 d3.} Ba7 8. Nbd2 Nh5 9. Re1 {[%emt 0:04:20] The position is equal.} Nf4 10. Nf1 {[%emt 0:02:33] [#]} g5 $146 ({
Predecessor:} 10... Qf6 11. Bxf4 Qxf4 12. Ne3 Ne7 13. d4 O-O 14. Qd2 Ng6 15.
Rad1 Bd7 16. a5 Rad8 17. Qd3 c6 18. Nf5 d5 19. Qe2 dxe4 {0-1 (19) Ly,D (2217)
-Schreiner,P (2467) Vienna 2018}) 11. Be3 g4 12. N3d2 Qf6 13. Bxa7 Rxa7 14. Ne3 Ne7 (14... h5 $14)
15. d4 $16 ({Avoid the trap} 15. Nxg4 $2 Bxg4 16. Qxg4 Rg8 $19
) 15... Neg6 16. Nd5 (16. Bf1 $16) 16... Qd8 (16... Nxd5 $14 17. exd5 O-O) 17. dxe5 dxe5 18. Nf1 O-O 19. Ng3 Qg5 20. Qc1 Be6 21.
Qe3 Raa8 22. Rad1 $2 (22.
Qc5 $14 {keeps the upper hand.}) 22... c6 $1 $19 23. Nb6 (23. Bf1 $142 cxd5 24. exd5) 23... Bxc4 $1 24.
Nxc4 Nh4 {[%emt 0:00:27] Against Nf5} 25. Nf5 Nhxg2 26. Qc5 Nxe1 27. Rxe1 Nd3 28. Qe3 Qxe3 29. Rxe3 Rad8 30. Kg2 h5 31. Kg3 f6 32. Ncd6 Nf4 33. c4 c5 34. Rb3 Rd7 ({And not} 34... Ne2+ 35. Kh4
Rd7 36. Kxh5 $17) 35. Rb6 Rfd8 36. a5 Rh7 37. Ne3 Rdd7 $2 (37... Kh8 $19 {...Rg8 is the strong threat.} 38. Kh4 Rg8) 38. Nd5 $11 Nxd5 39. cxd5 {[%emt 0:00:02] Endgame KRR-KRN
} Kf8 {[%emt 0:02:57][%cal Yc5c4] Prevents Ne8.} 40. b3 Rc7 41. Nc4 Kg7 42. Nd6 (42. Kh4 $11) 42... Kg6 $17 43. Kh4 Rcd7 44. Ne8 Rhf7 45. Nd6 Rfe7 46. Nc4 Re8 47. Ne3 Red8 ({Black should play} 47... c4 $1 $17 {[%cal Rc4c3]
Hoping for ...c3.} 48. Nxc4 Rc7) 48. Nc4 (48. Re6 $1 $11)
48... Re7 $1 49. Ne3 Rc7 (
49... c4 $1 $17 50. Nxc4 Ra8) 50. Nc4 $11 Re8 51. Nd6 Rb8 52.
Nc4 Re7 53. Nd6 (53. Rd6 $11
{remains equal.}) 53... Rd7 (53... c4 $1 $17 54. bxc4 Rc7) 54. Nc4 Re8 (54... Kg7 $11) 55.
Ne3 $1 $17 Rh8 ({Better is} 55... c4 $1 $17 56. Nxc4 Rc7) 56. Nc4 $11 {[%emt 0:00:00] And now Nxe5+ would
win.} Re7 57. Nd6 Rb8 58.
Nc4 $1 Rd8 (58... Rc8 $11) 59. Ne3 $1 $17 Ra8 (59... c4 $1 $17 60. Nxc4
Ra8) 60. Nc4 $11 Rb8 61. Ne3 (61. Nd6 $11 {keeps the balance.}) 61... Rbe8 (61... c4 $1 $17 62. bxc4 Rc7) 62. Nc4 Rd7 (
62... Rg8 $11) 63. Ne3 $1 $17 {[%emt 0:00:00] [#]} Rh8 (63...
c4 $1 $17 64. Nxc4 Rc7) 64. Nc4 $11 {[%emt 0:00:00] aiming for
Nxe5+.} Kf7 65. Nd6+ Ke7 (
65... Rxd6 $11 66. Rxd6 Kg6) 66. Nf5+ ({White should try} 66.
Nxb7 $14 Rb8 67. Re6+ Kf7 68. Nxc5) 66... Kf7 67. Nd6+ Rxd6 68. Rxd6 {[%emt 0:00:00] Black must now
prevent Rd7+. KR-KR} Kg6 $1 69. Rb6 (69. f3
$1 $11) 69... Rh7 (69... Rc8 $1 $15 70. Rxb7 c4 71. bxc4 Rxc4)
70. f3 $1 gxf3 {[%emt 0:00:39] ( -> ...f2)} 71. Kg3 f2 (71... Rc7 $11) 72. Kxf2 $14 Kg5 (72... Rc7 $1 $14) 73. Kg3 (73. Ke3 $16) 73...
h4+ $1 $11 74. Kf3 Rc7 75.
h3 Rg7 $2 {[%emt 0:01:50] [#]} (75... Rd7 $11) 76. Ke3 $2 ({White must play} 76. Rd6 $1 $18) 76... Rc7 $1 77. Kd3 {[%emt 0:00:00] Strongly threatening Re6.} f5 $2 (
77... Rf7 $1 $11) 78. Re6 $18 Kf4 $2 (78...
c4+ 79. bxc4 fxe4+ 80. Kxe4 Rxc4+ 81. Kxe5 Rc3) 79. Rf6 Kg3 80. Rxf5 Rg7 81. Rxe5 Kxh3 82. Rh5 Kg4 (82... Rg1 $142 83. Rh6 Rd1+ 84. Ke2 Rd4) 83. Rh8 Re7 84. Ke3 h3 85. d6 Rd7 86. Rg8+ ({Not} 86. e5 Kf5 $16)
86... Kh4 87. e5 Rh7 88. Kf2 (88. e6 $142 Rh6 89. e7 Re6+ 90. Kf4 Rf6+ 91. Ke5 Rf1 92. d7
Re1+ 93. Kd6) 88... Rf7+ 89. Kg1 {[%emt 0:00:11] White
threatens e6 and mate.} c4 90. bxc4 {[%emt 0:00:05] White
used his chance. Weighted Error Value: White=0.23 (precise) /Black=0.21 
(precise)} 1-0

[Event "44th Chess Olympiad Women 2022"]
[Site "Chennai"]
[Date "2022.07.30"]
[Round "2.7"]
[White "Zatonskih, Anna"]
[Black "Khamdamova, Afruza"]
[Result "1-0"]
[WhiteElo "2383"]
[BlackElo "1969"]
[Annotator "TA"]
[PlyCount "149"]
[EventDate "2022.??.??"]
[TimeControl "60"]

1. d4 Nf6 2. c4 e6 3. Nc3 d5 4. cxd5 exd5 5. Bg5 Be7 6.
e3 O-O 7. Bd3 Nbd7 8. Nf3 c6 9.
Qc2 Re8 10. O-O Nf8 11. Rab1 g6 12. b4 a6 13. a4 Ne6 14.
Bh4 Ng7 15. b5 axb5 16. axb5 Bf5 17. bxc6 {
[%emt 0:05:59] D36: Queen's Gambit Declined: Exchange Variation: Main line (5
Bg5 c6 6 Qc2).} bxc6 18. Ne5 Rc8 (18... Bxd3 $14 19. Qxd3 Qd6) 19. Rb7 $1 $16 {[%emt 0:12:33] White is
better.} Bxd3 20. Qxd3 Rc7 {[%emt 0:01:13] 
[#]} ({Black should play} 20... Nf5) 21. Rxc7 $1 {[%emt 0:20:14] 0x0.
0016806ea63fdp-1022s more active pieces.} Qxc7 {[%emt 0:00:06] [#]} 22. Rc1 $1
{[%emt 0:00:19] aiming for Bxf6.} Qb7 23. Qb1 Qa8 24. Qa2 Qb7 (24... Qxa2
$16 {was called for.} 25. Nxa2 Ra8) 25. Rb1 $18 Qc7 26. Qa6 Nf5 27. Bxf6 Bxf6 28. Qxc6 (28. Nxc6 Re6 $16) 28... Qd8 29. Nd7 {[%emt 0:10:02] Pair of Knights!} ({Not} 29. Qxd5 Qxd5
30. Nxd5 Bxe5 $16) ({Don't play} 29. Nxd5 $6 Bxe5 30. dxe5 Rxe5 $18) 29... Re6 30. Qxd5 {[%emt 0:01:43] Rb8 is the strong threat.} Kg7 {
[%emt 0:00:43] [#]} 31. Nxf6 $146 ({Predecessor:} 31. Rb8 Qe7
32. Nxf6 Qxf6 33. Qc5 Qxd4 34. Qxd4+ Nxd4 35. h3 Nf5 36. Rb7 h5 37. Kf1 {
½-½ (98) Santos,A (2194)-Padeiro,J (2241) Cascais 2018}) 31... Qxf6 32. h3 Ne7 33. Qb5 Nf5 34. Nd5 Qh4 35. Nf4 Re7 36. d5 {[%emt 0:00:51] Black must now
prevent Ra1.} Nd6 37. Qc5 (37. Qa4 $18 {
[%cal Yf4e6] is more deadly. Hoping for Ne6+!} Qf6 38. Rb6) 37... Qf6 {[%emt 0:
00:00] [#] Prevents Ne6+.} (37... Qxf2+ $16 38. Kxf2 Ne4+ 39. Kf3 Nxc5) 38.
Ne6+ $1 fxe6 39. Qxd6 exd5 40. Qxd5 {[%emt 0:00:10] Endgame KQR-KQR} Rf7 41. Qd2 Qf5 42. Rc1 Rd7 43. Qc2 Qe5 44. Rd1 Rc7 45. Qd2 h5 $2 (45... h6 46.
Qd3 Rf7) 46. Qd4 Qxd4 47. Rxd4 {[%emt 0:00:
00] KR-KR} ({Less strong is} 47. exd4 Kf7 48. d5 Rc5 $18) 47... Rc1+ 48. Kh2 Rc2 49. Kg3 Kf6 50. Rd6+ Kf7 51. Ra6 Rb2 $2 (51... h4+ 52. Kf3 Kg7) 52. Kf3 Rb5 (52... Rb4 $142 53. g4 Rb5) 53. h4 Rb4 54. Ra7+ Kf6 55. g3 Rc4 56. Ra6+ Kf7 57. e4 Rc2 58. Ke3 Rb2 59. Rd6 Rb3+ 60.
Rd3 Rb2 61. Rd2 Rb5 62. Kf4 Kf6 63. Ra2 Rc5 64. Ra7 Rc2 65.
e5+ Ke6 66. Ra6+ Ke7 67. f3 Rc4+ 68. Kg5 Rc3 69. Rf6 {[%emt 0:00:00] White mates.} Re3 70. Kxg6 Rxe5 71. Rf5 Re2 72. Kxh5 Ke6 73. g4 Rh2 74. Kg5 Ke7 75. h5 {[%emt 0:00:00] Black did not feel at home in the
position after the opening. Weighted Error Value: White=0.19 (very precise) /
Black=0.41} 1-0

[Event "44th Chess Olympiad Women 2022"]
[Site "Chennai"]
[Date "2022.07.30"]
[Round "2.8"]
[White "Klek, Hanna Marie"]
[Black "Guindy, Esmat Susanne"]
[Result "0-1"]
[WhiteElo "2366"]
[BlackElo "2097"]
[Annotator "TA"]
[PlyCount "168"]
[EventDate "2022.??.??"]
[TimeControl "60"]

1. e4 e6 2. d4 d5 3. e5 c5 4. c3 Nc6 5. Nf3 Bd7 6. Be2 Nge7 7. O-O Ng6 $1 {[%emt 0:09:22] 7...Ng6 is better than 7...Nf5.} 8. Re1 f6 {[%emt 0:02:36] [#] C02: French: Advance Variation.} (8...
Rc8 $11 {keeps the balance.}) 9. c4 $146 (9. exf6 $1 $16 {
[%cal Yf6f7] Strongly threatening f7+!} gxf6 10. c4) ({Predecessor:} 9. Bd3 Qb6
10. c4 O-O-O 11. cxd5 Nb4 12. Be3 Nxd5 13. Nbd2 Nxe3 14. fxe3 Bb5 15. Bxb5 Qxb5
16. a4 {1-0 (40) Rivero Ojeda,C (2129)-Tessem,M (1742) Bergen 2003}) 9... fxe5 10. cxd5 Nxd4 {[%emt 0:02:34] The position
is equal.} 11. Bd3 Nxf3+ (11... Qf6 $5 ) 12. Qxf3 {[%emt 0:00:10] Black must now prevent dxe6.} Qf6 13. dxe6 Bc6 14. Qh3 Be7 15. Nc3 (15. Bxg6+ Qxg6
16. Qg3 Qxg3 17. hxg3 Bf6 $17) 15... Rf8 ({Black should play} 
15... O-O $11 16. Be3 Nh4) 16. Be3 $14 Nf4 17. Bxf4 Qxf4 18. Qe3 (18.
Re2 $14) 18... O-O-O $11 {[%emt 0:06:37][%cal Yd8d3] Threatens to win with ...
Rxd3!} (18... Qg4 19. Be4 $16) 19. Be4 Bxe4 20. Nxe4 Rd4 21. Qxf4 exf4 22. f3 b6 23. Kf2 Kb7 24. Re2 (24. Rad1 $11) 24... Kc6
$15 25. g3 fxg3+ (25... Rd3
$17 {Hoping for ...fxg3+.} 26. g4 Re8) 26. hxg3 $11 h5 27. Rh1 g6 28. Kg2 Rd3 29. Rf1 b5 30.
f4 Rd5 31. Rf3 a6 32. Rff2 c4 33. g4 hxg4 {[%emt 0:01:10] aiming for ...Rh8.} 34. Kg3 $1 Rh8 $36 {
[%emt 0:00:20] Black has good play.} 35. Rh2 {[%emt 0:00:56] Against Bh4+} (35.
Kxg4 $15 Rh4+ 36. Kg3) 35... Rxh2 $17 36. Rxh2 {[%emt 0:00:38]
Endgame KRB-KRN} Rd4 37. Re2 b4 38. Kxg4 Kd5 $1 39. Ng5 (39. f5 $15) 39... c3 $19 40. bxc3 bxc3 41. Rc2 Kc4 ({Better is} 41... Rc4 $17 {...Kd4 is the strong threat.} 42.
Nf3 Kxe6) 42. Nf3 $2 (42. Rc1 $1 $15) 42... Re4 $1 (42... Rd6 43. f5 $11) 43. Nd2+ $2 (43. Rc1 Kd3 44.
Rd1+ Kc2 45. Rd7) 43... Kd3 44. Rxc3+ Kxd2 {
[%emt 0:00:31] KRB-KR} 45. Rc6 a5 {[%emt 0:03:24][%cal Ya6a5,
Ya5a4,Ya4a3] And now ...a4 would win.} 46. Kf3 Re3+ 47. Kg4 a4 48. Rc4 a3 (48... Rxe6 $2 49. Rxa4 Re1 50. Kf3 $19) 49. f5 gxf5+ 50. Kxf5 Rc3 51. Rd4+ Rd3 52. Rc4 Rf3+ $2 (52... Re3 {mates} 53. Rc7 Bb4 54. Rc4 Bf8 55. Rc8 Kd3 $1 56.
Rd8+ Kc4 57. Rd2 Bb4 58. Rd1 Re2 59. Rc1+ Kd3 60. Rd1+ Kc3 61. Rc1+ Rc2 62. Re1
Be7 63. Kg6 Rf2 64. Kh5 Rxa2 65. Kg4 Rc2 66. Kg3 a2 67. Kf4 Kb2 68. Ke4 Rc1 69.
Re2+ Kb1 70. Rxa2 Kxa2 71. Kf3 Kb3 72. Kf4 Kc4 73. Ke3 Rd1 74. Kf3 Kd3 75. Kf2
Rc1 76. Kf3 Rf1+ 77. Kg4 Kd4 78. Kg3 Ke3 79. Kg2 Re1 80. Kg3 Rg1+ 81. Kh3 Kf3
82. Kh2 Re1 83. Kh3 Rh1#) 53. Ke4 Re3+ (53...
Rf6 $19 54. Ke5 Rf2) 54. Kf5 $1 Re1 {[%emt 0:01:19] Black
mates.} 55. Rc7 Bb4 56. Kf6 Bc3+ 57. Kf7 Rf1+ 58. Ke8 Bb4 (58... Re1 $2 59. Kd7 Bb4 60. Rc4 $19) 59.
Rc4 Rb1 60. Kd7 Kd3 61. Rh4 Kc3 (61... Bf8 62.
Rh8 (62. Rh3+ $2 Kc2 $19) 62... Bc5 63. e7 Bxe7 64. Kxe7 $11) 62. Kc6 Rd1 63. Kc7 Rd2 64.
Rh3+ Rd3 65. Rh4 Bd6+ 66. Kc6 Kb2 67. Rh7 Bb4 ({Inferior is} 67... Kxa2 68. Rd7 $11) 68. Kb5 {
[%emt 0:00:26] [#]} Rd4 $1 69. Rh2+ Kb1 70. Re2 Be7 71. Kc6 Kc1 72. Re1+ Rd1 73.
Re3 Rd2 74. Kb5 Kb2 75. Rf3 Kxa2 76. Rf7 Bh4 77. Rh7 Bd8 78. e7 {[%emt 0:00:26] [#]} Bxe7 $1 79. Rxe7 {[%emt 0:00:
00] KR-KR} Kb2 80. Kc4 a2 81. Rb7+ Kc1 82. Ra7 Kb1 83. Kc3 Rc2+ 84. Kd3 Rb2 {[%emt 0:00:09] Weighted Error Value: White=0.63/Black=0.
17 (very precise)} 0-1